AoeStats
← P-Unit

QS Arena

503723890Analyzed
2v2 RM · 1mo ago on Sep 2, 2026· 27m 49s· 4 players
Game mode
Random Map
Map size
Medium (4 player)
Population
200
Speed
Normal
Resources
Standard
Victory
Conquest
Starting age
Dark Age
Ending age
Imperial Age
RankedLock teamsTeams togetherTeam positionsShared explorationLock speedFull tech treeHidden civsTurbo modeCheats
Victory
Defeat
🇺🇸 Cumans · United States
1114
+12
🇺🇸 Bohemians · United States
1114
+12
🇺🇸 Bohemians · United States
1040
-13
🇦🇷 Britons · Argentina
1004
-11
P-Unit
7:24 Feudal Age
7:45 Horse Collar
7:50 Double-Bit Axe
15:40 Castle Age
14:26 Scale Mail Armor
15:31 Forging
16:33 Bow Saw
16:41 Heavy Plow
16:30 Pikeman
19:21 Wheelbarrow
20:32 Hand Cart
23:15 Squires
29:42 Imperial Age
Gurx
8:03 Feudal Age
12:32 Castle Age
11:00 Double-Bit Axe
11:25 Stone Mining
11:57 Horse Collar
14:04 Forging
20:05 Wheelbarrow
19:15 Town Watch
19:16 Loom
20:30 Fletching
25:35 Imperial Age
23:20 Gold Mining
24:08 Bow Saw
24:18 Bodkin Arrow
25:23 Ballistics
25:36 Padded Archer Armor
26:48 Leather Archer Armor
Gorriya
9:15 Feudal Age
13:27 Castle Age
11:14 Double-Bit Axe
11:38 Horse Collar
15:22 Bow Saw
15:15 Heavy Plow
15:37 Fervor
22:46 Wheelbarrow
22:26 Town Watch
26:46 Imperial Age
24:03 Loom
25:41 Chemistry
25:40 Wagenburg Tactics
26:30 Hand Cart
27:52 Conscription
Mandatum?
9:42 Feudal Age
11:51 Double-Bit Axe
12:24 Horse Collar
19:03 Castle Age
17:59 Gold Mining
18:21 Bloodlines
18:50 Scale Barding Armor
18:58 Forging
19:56 Bow Saw
20:29 Gold Shaft Mining
19:56 Capped Ram
21:32 Chain Barding Armor
22:18 Iron Casting
23:04 Heavy Plow
Connection lost

Rejoining the realm…

Still unreachable

The connection could not be restored.

Session expired

The server has moved on; the page needs a fresh start.